AoeStats
← Chlupinek

Black Forest

505545768Analyzed
4v4 RM · 21d ago on Sep 9, 2026· 11m 6s· 8 players
Game mode
Random Map
Map size
Large (8 player)
Population
200
Speed
Normal
Resources
Standard
Victory
Conquest
Starting age
Dark Age
Ending age
Imperial Age
RankedLock teamsTeams togetherTeam positionsShared explorationLock speedFull tech treeHidden civsTurbo modeCheats
Victory
Defeat
🇮🇳 Turks · India
2084
+3
🇩🇪 Japanese · Germany
2013
+3
🇺🇸 Britons · United States
1994
+4
🇩🇪 Georgians · Germany
1810
+8
🇺🇸 Tatars · United States
1688
-6
🇨🇴 Maya · Colombia
1655
-4
🇨🇿 Armenians · Czechia
1635
-4
🇲🇽 Inca · Mexico
1623
-4
eL|Hooligan
Chlupinek
0:55 Loom
MZTK | KaLiuM
0:26 Loom
bipeng2008
OS+ | The Wilderness
1:15 Loom
11:49 Feudal Age
RoR | Smokealot
0:37 Loom
RoR | Hellequinn
4:50 Loom
4:57 Loom
5:05 Loom
10:41 Feudal Age
DS_Dragonstar
8:01 Loom
Connection lost

Rejoining the realm…

Still unreachable

The connection could not be restored.

Session expired

The server has moved on; the page needs a fresh start.